 Dungeon Crawl Stone Soup version 0.31-a0-408-gb642c7f9a3 (webtiles) character file.

Game seed: 2515227317302348077

14558 Flugkiller the Mimic (level 11, -1/86 HPs)
             Began as a Demonspawn Shapeshifter on July 29, 2023.
             Was a High Priest of Uskayaw.
             Slain by a killer bee (9 damage)
             ... on level 1 of the Lair of Beasts.
             The game lasted 00:13:23 (12629 turns).

Flugkiller the Mimic (Demonspawn Shapeshifter)     Turns: 12629, Time: 00:13:23

Health: -1/86      AC:  8    Str: 20    XL:     11   Next: 90%
Magic:  14/14      EV: 15    Int: 11    God:    Uskayaw [*****.]
Gold:   382        SH:  0    Dex: 15    Spells: 10/10 levels left

rFire   . .          .
                       - Unarmed
rCold   . . .        (no shield)
rNeg    . . .        B - +2 troll leather armour of Liolibb {Harm Regen+ Str+3 Stlth+}
rPois   +            (helmet currently unavailable)
rElec   .            (cloak currently unavailable)
rCorr   .            (gloves currently unavailable)
SInv    .            (boots currently unavailable)
Will    .....        (no amulet)
Stlth   ++           o - ring of poison resistance
HPRegen 1.14/turn    (no ring)
MPRegen 0.14/turn

%: harm (+30% outgoing, +20% incoming)
@: beast-form
A: beast (slay +7), antennae 1, icy blue scales 1, ignite blood 2, demonic magic
2
a: Begin Untransformation, Renounce Religion, Stomp, Line Pass, Grand Finale


You were on level 1 of the Lair of Beasts.
You worshipped Uskayaw.
Uskayaw was noncommittal.
You were a hulking beast.
You visited 3 branches of the dungeon, and saw 13 of its levels.

You collected 962 gold pieces.
You spent 580 gold pieces at shops.

Inventory:

Hand Weapons
 j - a +4 vampiric short sword
   (You found it on level 1 of the Dungeon)
Missiles
 y - a throwing net
Armour
 B - the +2 troll leather armour of Liolibb (worn) {Harm Regen+ Str+3 Stlth+}
   (You bought it in a shop on level 1 of the Dungeon)

   Str:       It affects your strength (+3).
   Regen:     It increases your rate of health regeneration.
   Harm:      It increases damage dealt and taken.
   Stlth:     It makes you more stealthy.
 D - a +4 ring mail of fire resistance
   (You found it on level 5 of the Dungeon)
Jewellery
 o - a ring of poison resistance (left hand)
   (You found it on level 4 of the Dungeon)
Talismans
 c - a beast talisman
 e - a maw talisman
   (You found it on level 4 of the Dungeon)
 n - a blade talisman
   (You found it on level 3 of the Dungeon)
Wands
 a - a wand of polymorph (11)
   (You found it on level 4 of the Dungeon)
 m - a wand of charming (31)
   (You found it on level 4 of the Dungeon)
 p - a wand of iceblast (30)
   (You found it on level 3 of the Dungeon)
 x - a wand of flame (10)
   (You found it on level 7 of the Dungeon)
 A - a wand of digging (4)
   (You found it on level 9 of the Dungeon)
 E - a wand of mindburst (2)
   (You found it on level 10 of the Dungeon)
Scrolls
 g - 3 scrolls of fog
 k - 2 scrolls of revelation
 t - 3 scrolls of teleportation
 w - a scroll of immolation
 z - a scroll of poison
 C - a scroll of fear
 F - a scroll of silence
Potions
 b - 4 potions of lignification
 d - 2 potions of might
 f - 3 potions of enlightenment
 h - 2 potions of haste
 i - a potion of ambrosia
 l - 4 potions of mutation
 q - 3 potions of curing
 s - 2 potions of cancellation
 u - a potion of brilliance {unknown}
 v - a potion of berserk rage {unknown}


   Skills:
 - Level 8.0 Fighting
 - Level 2.0 Short Blades
 - Level 7.0 Dodging
 + Level 7.9 Unarmed Combat
 - Level 5.0 Invocations
 - Level 5.0 Evocations
 - Level 10.0 Shapeshifting


You had 10 spell levels left.
You didn't know any spells.
Your spell library contained the following spells:

 Spells                   Type           Power      Damage    Failure   Level
 Shock                    Conj/Air       0%         1d3       38%         1
 Ensorcelled Hibernation  Hex/Ice        0%         N/A       54%         2
 Passwall                 Tmut/Erth      0%         N/A       54%         2
 Swiftness                Air            0%         N/A       77%         3
 Tukima's Dance           Hex            0%         N/A       77%         3
 Airstrike                Air            0%         2d(0-16)  99%         4
 Animate Armour           Summ/Erth      0%         N/A       99%         4
 Passage of Golubria      Tloc           0%         N/A       99%         4
 Summon Lightning Spire   Summ/Air       0%         N/A       99%         4
 Lee's Rapid Deconstruct  Erth           0%         3d4*      100%        5
 Yara's Violent Unravell  Hex/Tmut       0%         3d3       100%        5


Dungeon Overview and Level Annotations

Branches:
Dungeon (11/15) Zot: 25688  Temple (1/1) D:5 Zot: 5979    Lair (1/5) D:9 Zot: 5321
    Orc (0/2) D:11

Altars:
Ashenzari
Cheibriados
Dithmenos
Fedhas
Gozag
Hepliaklqana
Kikubaaqudgha
Makhleb
Nemelex Xobeh
Okawaru
Qazlal
Ru
Sif Muna
Trog
Uskayaw
Vehumet
Wu Jian
Xom
Yredelemnul

Shops:
D:1 (=*   D:2 *   D:5 [   D:8 !   D:11 =

Annotations:
D:6 3 runed translucent doors, Shym's ghost, novice TeAE
D:9 1 runed translucent door, KimchiStew's ghost, journeyman MeCj


Innate Abilities, Weirdness & Mutations

You are a hulking beast.
Your limbs bulge with bestial killing power. (Slay +7)
You have a pair of small antennae on your head.
You are partially covered in icy blue scales. (AC +2)
Your demonic aura often causes spilled blood to erupt in flames.
Spells you cast may paralyse nearby enemies.


Message History

The killer bee is almost dead.
You hear an angry buzzing noise. x5
The killer bee closely misses you. x2; The killer bee barely misses you. x2
The killer bee closely misses you. The killer bee stings you.
The killer bee closely misses you.
Aiming: Iceblast
Press: ? - help, Shift-Dir - straight line, p - killer bee The mass of ice explodes!
The iceblast engulfs the killer bee!
You kill the killer bee!
The iceblast engulfs the killer bee!
You kill the killer bee!
You hear an angry buzzing noise. x3
The killer bee stings you.
You are poisoned.
The killer bee poisons you! The killer bee closely misses you. x2
The killer bee barely misses you. The killer bee stings you.
The killer bee closely misses you.
You can now merge with and destroy a victim.
You barely miss the killer bee.
The killer bee is lightly wounded.
You feel sick. The killer bee closely misses you. The killer bee misses you.
The killer bee stings you but does no damage.
The killer bee stings you.
The killer bee attacks as you move away!
The killer bee misses you.
You feel sick. The killer bee stings you. x2
* * * LOW HITPOINT WARNING * * *
The killer bee misses you.
Things that are here:
a killer bee corpse; a bullfrog corpse; a killer bee corpse
Aiming: Iceblast
Press: ? - help, Shift-Dir - straight line The mass of ice explodes!
The iceblast engulfs the killer bee!
You kill the killer bee!
The iceblast engulfs the killer bee!
You kill the killer bee!
You feel sick.
You hear an angry buzzing noise. x3
The killer bee barely misses you. The killer bee closely misses you. x2
The killer bee barely misses you.
You hear an angry buzzing noise. x4
You hit the killer bee.
The killer bee is moderately wounded.
You feel sick.
The killer bee stings you but does no damage.
The killer bee stings you.
* * * LOW HITPOINT WARNING * * *
The killer bee stings you but does no damage.
The killer bee stings you.
* * * LOW HITPOINT WARNING * * *
You completely miss the killer bee.
You feel sick. The killer bee stings you!
* * * LOW HITPOINT WARNING * * *
The killer bee barely misses you. The killer bee stings you.
* * * LOW HITPOINT WARNING * * *
You are more poisoned.
The killer bee poisons you! The killer bee barely misses you.
You punch the killer bee!
The killer bee is almost dead.
You feel sick. The killer bee completely misses you.
The killer bee barely misses you. x3
You feel better.
The killer bee stings you but does no damage.
The killer bee stings you.
* * * LOW HITPOINT WARNING * * *
The killer bee completely misses you.
The killer bee stings you but does no damage.
You miss the killer bee.
The killer bee is almost dead.
The killer bee misses you. The killer bee barely misses you.
You barely miss the killer bee.
The killer bee is almost dead.
The killer bee completely misses you.
The killer bee stings you but does no damage. x2
The killer bee misses you.
You punch the killer bee!
You kill the killer bee!
The killer bee stings you.
* * * LOW HITPOINT WARNING * * *
The killer bee barely misses you.
You miss the killer bee.
The killer bee stings you but does no damage.
You barely miss the killer bee. You punch the killer bee!
The killer bee is heavily wounded.
The killer bee stings you.
* * * LOW HITPOINT WARNING * * *
The killer bee misses you.
You closely miss the killer bee.
The killer bee is heavily wounded.
The killer bee misses you. x2
You hit the killer bee.
The killer bee is almost dead.
The killer bee stings you!
* * * LOW HITPOINT WARNING * * *
The killer bee completely misses you.
You barely miss the killer bee.
The killer bee is almost dead.
The killer bee stings you but does no damage.
You closely miss the killer bee.
The killer bee is almost dead.
The killer bee stings you!
You die...

...............................#
##...##.#.######...#########...#
#...###### #....#{ ##...##
##...#..#.######...#, ##.....#
...................#!yy #.....##
...................#y†. #....>#
...................#yy #.....#
###.##.#.######††.##yy ##....# #
######## #.h.##{## ##...# ###
#y†..#y.# #....#
#########.#####.††.#†#.####...)##
....>...................... ...#
........................... ....
........................... ...##
.............)##P###P.###.# ...#
.>............#### ### #
...............##


You could see a killer bee.

Vanquished Creatures
  Snorg (D:10)
  A two-headed ogre (D:11)
  An ugly thing (D:8)
  A black mamba (Lair:1)
  3 cane toads (Lair:1)
  2 unseen horrors
  A yaktaur (Lair:1)
  2 kobold demonologists (D:11)
  3 trolls
  A polar bear (Lair:1)
  A queen bee (Lair:1)
  A shadow (D:11)
  A water elemental (D:11)
  2 wraiths (D:10)
  9 yaks
  A basilisk (Lair:1)
  4 vampire mosquitoes (D:11)
  5 acid dragons
  3 water moccasins
  3 swamp drakes
  2 orc warriors (D:10)
  An ice beast (D:6)
  7 black bears
  4 wolves (Lair:1)
  2 ogres
  8 centaurs
  A phantom (D:4)
  2 kobold brigands
  9 bullfrogs
  3 scorpions
  5 wights (D:9)
  25 killer bees
  4 electric eels (D:11)
  2 howler monkeys
  2 hounds (D:4)
  2 jellies
  3 quasits (D:7)
  An iron imp (D:5)
  7 orc priests
  5 iguanas
  Jessica (D:3)
  7 orc wizards
  7 adders
  4 gnolls (D:6)
  4 shadow imps (D:7)
  6 white imps
  3 ufetubi (D:7)
  3 worms
  2 dart slugs
  27 orcs
  4 bats
  5 endoplasms
  4 giant cockroaches
  5 goblins
  8 hobgoblins
  7 jackals
  2 quokkas
  4 ball pythons
  3 frilled lizards
  A goblin skeleton (D:5)
  A goblin zombie (D:5)
  A hobgoblin zombie (D:5)
  21 kobolds
  2 kobold skeletons (D:5)
  A kobold zombie (D:5)
  An orc skeleton (D:5)
  2 orc zombies (D:5)
  7 rats
284 creatures vanquished.

Vanquished Creatures (collateral kills)
  A troll (D:11)
1 creature vanquished.

Vanquished Creatures (others)
  An orc wizard (D:6)
1 creature vanquished.

Grand Total: 286 creatures vanquished

Notes
Turn   | Place    | Note
-------+----------+-------------------------------------------
     0 | D:1      | Flugkiller the Demonspawn Shapeshifter began the quest for
                  | the Orb.
     0 | D:1      | Reached XP level 1. HP: 15/15 MP: 1/1
   170 | D:1      | Found Ihymurie's Assorted Antiques.
   238 | D:1      | Gained mutation: You have a pair of small antennae on your
                  | head. [demonic ancestry]
   238 | D:1      | Reached XP level 2. HP: 16/21 MP: 2/2
   273 | D:1      | Reached skill level 3 in Shapeshifting
   594 | D:1      | Found Qeczezeg's Jewellery Emporium.
   624 | D:1      | Found Plog's Weapon Boutique.
  1063 | D:2      | Gained mutation: Spells you cast may paralyse adjacent
                  | enemies. [demonic ancestry]
  1063 | D:2      | Reached XP level 3. HP: 26/26 MP: 3/3
  1363 | D:2      | Found Gonacon's General Store.
  1524 | D:2      | Noticed a black bear
  1563 | D:2      | Killed a black bear
  1564 | D:2      | Reached XP level 4. HP: 34/34 MP: 4/4
  1564 | D:2      | Gained mutation: You are partially covered in icy blue
                  | scales. (AC +2) [demonic ancestry]
  1564 | D:2      | Reached XP level 5. HP: 39/39 MP: 5/5
  2505 | D:3      | Noticed Jessica
  2530 | D:3      | Reached skill level 4 in Shapeshifting
  2543 | D:3      | Killed Jessica
  2830 | D:4      | Identified the +2 hand axe of the Rat {flame, Contam rPois
                  | rN+ Dex+2}
  2835 | D:4      | Reached XP level 6. HP: 45/46 MP: 6/6
  3392 | D:4      | Reached skill level 1 in Evocations
  3459 | D:5      | Entered Level 5 of the Dungeon
  3650 | D:5      | Noticed Ijyb
  3657 | D:5      | Ijyb changed into Ijyb the swamp drake
  3657 | D:5      | Noticed Ijyb
  3661 | D:5      | Killed Ijyb the swamp drake
  3662 | D:5      | Reached XP level 7. HP: 49/52 MP: 7/7
  3870 | D:5      | Found Uzxinira's Antique Armour Boutique.
  3934 | D:5      | Found a staircase to the Ecumenical Temple.
  3967 | Temple   | Entered the Ecumenical Temple
  3978 | Temple   | Became a worshipper of Uskayaw the Reveller
  4193 | D:5      | Reached * piety under Uskayaw
  4202 | D:5      | Reached skill level 5 in Shapeshifting
  4298 | D:5      | Found a snail-covered altar of Cheibriados.
  4648 | D:6      | Reached ** piety under Uskayaw
  4699 | D:6      | Reached *** piety under Uskayaw
  4704 | D:6      | Reached **** piety under Uskayaw
  4705 | D:6      | Reached skill level 1 in Invocations
  4716 | D:6      | Identified the +0 leather armour of Fun {Fly rC++ Dex-2}
  4839 | D:6      | Found a radiant altar of Vehumet.
  4926 | D:6      | Reached XP level 8. HP: 60/60 MP: 9/9
  5078 | D:6      | Found a basalt altar of Yredelemnul.
  5086 | D:6      | Found a sacrificial altar of Ru.
  5381 | D:6      | Found a runed translucent gate.
  5381 | D:6      | Found a runed translucent gate.
  5381 | D:6      | Found a runed translucent gate.
  5383 | D:6      | Noticed Shym's ghost (novice TeAE)
  5645 | D:7      | Reached skill level 5 in Unarmed Combat
  5662 | D:7      | Reached ***** piety under Uskayaw
  5846 | D:7      | Reached skill level 6 in Shapeshifting
  6186 | D:7      | Reached skill level 5 in Fighting
  6269 | D:7      | Found a blossoming altar of Fedhas.
  6652 | D:8      | Noticed a cyan ugly thing
  6671 | D:8      | Killed a cyan ugly thing
  6672 | D:8      | Gained mutation: Spells you cast may paralyse nearby
                  | enemies. [demonic ancestry]
  6672 | D:8      | Reached XP level 9. HP: 31/68 MP: 12/12
  7131 | D:8      | Found Udobar's Distillery.
  7382 | D:8      | Reached skill level 5 in Invocations
  7387 | D:8      | Reached skill level 7 in Shapeshifting
  7832 | D:8      | Reached skill level 5 in Evocations
  7843 | D:8      | Reached skill level 1 in Short Blades
  7992 | D:9      | Found a stormy altar of Qazlal.
  8068 | D:9      | Gained mutation: Your demonic aura sometimes causes spilled
                  | blood to erupt in flames. [demonic ancestry]
  8068 | D:9      | Reached XP level 10. HP: 77/77 MP: 13/13
  8175 | D:9      | Found a staircase to the Lair.
  8211 | D:9      | Noticed KimchiStew's ghost (journeyman MeCj)
  8219 | D:9      | Found a runed translucent door.
  8245 | D:9      | Reached skill level 8 in Shapeshifting
  8288 | D:9      | Reached ****** piety under Uskayaw
  9135 | D:9      | Found an ornate altar of the Wu Jian Council.
  9563 | D:1      | Bought a bloodstained troll leather armour for 580 gold
                  | pieces
  9563 | D:1      | Identified the +2 troll leather armour of Liolibb {Harm
                  | Regen+ Str+3 Stlth+} (You bought it in a shop on level 1 of
                  | the Dungeon)
  9729 | D:10     | Entered Level 10 of the Dungeon
  9904 | D:10     | Reached skill level 9 in Shapeshifting
 10252 | D:10     | Found an opulent altar of Gozag.
 10308 | D:10     | Noticed Snorg
 10317 | D:10     | Killed Snorg
 10318 | D:10     | Gained mutation: Your demonic aura often causes spilled
                  | blood to erupt in flames. [demonic ancestry]
 10318 | D:10     | Reached XP level 11. HP: 67/85 MP: 14/14
 10816 | D:11     | Reached skill level 10 in Shapeshifting
 11033 | D:11     | Found Baredot's Jewellery Boutique.
 11051 | D:11     | Reached skill level 5 in Dodging
 11180 | D:11     | Found a staircase to the Orcish Mines.
 11191 | D:11     | Noticed a two-headed ogre
 11201 | D:11     | Killed a two-headed ogre
 11897 | Lair:1   | Entered Level 1 of the Lair of Beasts
 11997 | Lair:1   | Noticed Urug
 12417 | Lair:1   | Urug changed into Urug the yaktaur
 12417 | Lair:1   | Noticed Urug
 12419 | Lair:1   | Killed Urug the yaktaur
 12618 | Lair:1   | HP: 3/86 [killer bee (3)]
 12629 | Lair:1   | Slain by a killer bee

Illustrated notes

Levels and vault maps discovered:
D:1:      dpeg_arrival_castle, layout_basic, serial_shops, shop, shop,
          nicolae_shop_bloodbath_and_beyond
D:2:      layout_basic, serial_shops, nicolae_shop_window_shopping
D:3:      cheibrodos_pilgrimage, layout_loops_ring, minmay_starry_boxes,
          uniq_jessica
D:4:      layout_basic
D:5:      layout_basic, nicolae_tso_besieged_by_evil, amcnicky_altar_gilded,
          temple_statues, serial_shops, shop, minmay_misc_feat_encased,
          uniq_ijyb
D:6:      layout_loops_ring, mainiacjoe_overflow_six_doors_small,
          mainiacjoe_overflow_big_doors, gammafunk_ghost_nasty_kobolds,
          nicolae_nh_ransacked_shop
D:7:      layout_loops_ring, lemuel_tele_altar, serial_demonic,
          serial_demonic_g, serial_demonic_d, serial_demonic_f,
          serial_demonic_a, serial_demonic_e, serial_demonic_b
D:8:      layout_loops_ring, serial_shops, nicolae_shop_industrial_runoff
D:9:      layout_rooms, nicolae_wu_jian_glorious_leap,
          mainiacjoe_overflow_chevrons, due_lair_maze_entry_diamond,
          hellmonk_ghost_big_iron
D:10:     layout_irregular_city, grunt_gozag_breadcrumbs, minivault_1,
          kennysheep_generic_room_5, uniq_snorg
D:11:     layout_basic, minmay_orc_entry_temple_small, serial_shops, shop, pond
Temple:   compressed_dpeg_triangle_lava_temple
Lair:1:   layout_long_grid, special_room [special_room_bee], uniq_urug

Skill      XL: |  1  2  3  4  5  6  7  8  9 10 11 |
---------------+----------------------------------+-----
Shapeshifting  | 3 4 5 6 7 9 10 | 10.0
Unarmed Combat | 3 4 5 6 7 |  7.9
Fighting       | 2 3 4 5 6 7 8 |  8.0
Evocations     | 1 2 4 5 |  5.0
Invocations    | 2 4 5 |  5.0
Short Blades   | 1 2 |  2.0
Dodging        | 3 7 |  7.0

Action                     |  1- 3 |  4- 6 |  7- 9 | 10-12 || total
---------------------------+-------+-------+-------+-------++-------
  Melee: Unarmed           |    44 |       |    69 |   251 ||   364
         Short sword       |    86 |   130 |   368 |   138 ||   722
         Punch             |     2 |     1 |    23 |    18 ||    44
  Evoke: Wand              |       |     3 |     4 |    34 ||    41
    Use: Potion            |     1 |     3 |     3 |     3 ||    10
         Scroll            |       |     6 |     8 |     4 ||    18
   Stab: Paralysed         |       |       |    14 |    23 ||    37
         Sleeping          |       |       |       |     2 ||     2
 Armour: Scale mail        |    45 |    47 |       |       ||    92
         Skin              |     9 |       |     8 |       ||    17
         Ring mail         |       |       |   303 |    90 ||   393
         Troll leather arm |       |       |       |    75 ||    75
  Dodge: Dodged            |    55 |    52 |   292 |   338 ||   737

Table legend: (Time is in decaauts)
 A = Elapsed time spent in this place.
 B = Non-inter-level travel time spent in this place.
 C = Inter-level travel time spent in this place.
 D = Time resting spent in this place.
 E = Time spent auto-exploring this place.
 F = Levels seen in this place.
 G = Mean time per level.
                   A        B        C        D        E       F      G
               +--------+--------+--------+--------+--------+-----+--------+
         Total |  12636 |  11906 |    730 |   2430 |   7073 |  13 |  972.0 |
       Dungeon |  11937 |  11216 |    721 |   2354 |   6722 |  11 | 1085.2 |
        Temple |     20 |     12 |      8 |      0 |      0 |   1 |   20.0 |
          Lair |    678 |    678 |      0 |     76 |    351 |   1 |  678.0 |
               +--------+--------+--------+--------+--------+-----+--------+

Top non-repeatable levels by time:
     D:8: 1657 daAuts
     D:9: 1237 daAuts
    D:11: 1185 daAuts
     D:7: 1126 daAuts
     D:1: 1121 daAuts
    D:10: 1006 daAuts
     D:2: 983 daAuts
     D:6: 980 daAuts
     D:5: 954 daAuts
     D:4: 936 daAuts
     D:3: 749 daAuts
  Lair:1: 678 daAuts
  Temple: 20 daAuts
